 Dungeon Crawl Stone Soup version 0.21.1-1-g345015f (webtiles) character file.

63 zishaf the Charmwright (level 4, -1/35 HPs)
             Began as a Barachi Skald on July 19, 2018.
             Slain by an adder (4 damage)
             ... on level 2 of the Dungeon.
             The game lasted 00:05:46 (1475 turns).

zishaf the Charmwright (Barachi Skald)              Turns: 1475, Time: 00:05:47

Health: -1/35      AC:  3    Str: 12    XL:     4   Next: 10%
Magic:  8/8        EV: 12    Int: 14    God:
Gold:   42         SH:  0    Dex: 12    Spells: 5/8 levels left

rFire    . . .     SeeInvis .   a - +0 falchion
rCold    . . .     Gourm    .   (no shield)
rNeg     . . .     Faith    .   b - +0 leather armour
rPois    .         Spirit   .   j - +0 hat
rElec    .         Reflect  .   (no cloak)
rCorr    .         Harm     .   (no gloves)
MR       .....                  (no boots)
Stlth    +.........             (no amulet)
HPRegen  0.11/turn              (no ring)
MPRegen  0.11/turn              (no ring)

@: lethally poisoned (-1 -> -20), slow
A: +LOS, swims, slowness 1, strong legs 1
a: Hop


You were on level 2 of the Dungeon.
You were not hungry.

You visited 1 branch of the dungeon, and saw 2 of its levels.

You collected 42 gold pieces.

Inventory:

Hand Weapons
 a - a +0 falchion (weapon)
Armour
 b - a +0 leather armour (worn)
 j - a +0 hat (worn)
Scrolls
 f - a scroll of amnesia {unknown}
 g - a scroll of noise {unknown}
 i - a scroll of teleportation {unknown}
Potions
 e - 2 potions of curing {unknown}
Books
 c - a book of Battle

   Spells                             Type                      Level
   a - Infusion                       Charms                       1
   b - Shroud of Golubria             Charms/Translocation         2
   c - Song of Slaying                Charms                       2
   d - Spectral Weapon                Hexes/Charms                 3
   e - Regeneration                   Charms/Necromancy            3
Comestibles
 d - 2 rations
 h - a chunk of flesh


   Skills:
 + Level 3.3 Fighting
 - Level 3.0 Long Blades
 - Level 1.5 Armour
 - Level 2.3 Dodging
 + Level 2.8 Spellcasting
 + Level 3.8 Charms


You had 5 spell levels left.
You knew the following spells:

 Your Spells              Type           Power        Failure   Level  Hunger
a - Infusion              Chrm           ##..         5%          1    #......
b - Song of Slaying       Chrm           ##......     9%          2    ##.....


Dungeon Overview and Level Annotations

Branches:
Dungeon (2/15)

Altars:


Innate Abilities, Weirdness & Mutations

Shadows flee at your approach. (+LOS)
You can swim through water.
You cover ground slowly.
You can hop short distances.


Message History

You hit the adder.
The adder is heavily wounded.
* * * LOW HITPOINT WARNING * * *
You feel sick. The adder barely misses you.
You riposte.
You barely miss the adder.
The adder is heavily wounded.
The adder misses you.
You riposte.
You hit the adder.
The adder is almost dead.
You hit the adder.
The adder is almost dead.
* * * LOW HITPOINT WARNING * * *
You feel sick. The adder bites you.
* * * LOW HITPOINT WARNING * * *
You are more poisoned.
The adder poisons you!
You hit the adder but do no damage.
The adder is almost dead.
* * * LOW HITPOINT WARNING * * *
You feel sick. The adder bites you.
You die...

.......###.####.# #.
.............##.# .
.......###.#.##.####.#
# .......#
#.........#.# .#
.......#
###.........#...
########
#.............!
#..............
#.............#
#..[..@.......#
#......S......#
#.............+
..............#.#
...............#
.................
.................#
.................#
########..##....#


You could see an adder.

Vanquished Creatures
  A gnoll (D:1)
  An adder (D:2)
  An ooze (D:2)
  A dart slug (D:1)
  4 leopard geckos
  5 bats
  A giant cockroach (D:1)
  2 goblins (D:1)
  3 hobgoblins
  9 kobolds (D:1)
  3 frilled lizards
  3 rats (D:1)
34 creatures vanquished.

Notes
Turn   | Place    | Note
-------+----------+-------------------------------------------
     0 | D:1      | zishaf the Barachi Skald began the quest for the Orb.
     0 | D:1      | Reached XP level 1. HP: 17/17 MP: 3/3
   394 | D:1      | Reached XP level 2. HP: 21/23 MP: 0/5
   478 | D:1      | Learned a level 2 spell: Song of Slaying
   899 | D:1      | Reached XP level 3. HP: 16/28 MP: 6/6
  1351 | D:2      | Reached XP level 4. HP: 30/35 MP: 8/8
  1475 | D:2      | Slain by an adder

Skill      XL: |  1  2  3 |
---------------+----------+-----
Long Blades    | 3 |  3.0
Fighting       | 3 |  3.3
Armour         | |  1.5
Dodging        | |  2.3
Spellcasting   | |  2.8
Charms         | |  3.8

Action                   |  1- 3 |  4- 6 || total
-------------------------+-------+-------++-------
Melee: Falchion          |    92 |    22 ||   114
 Cast: Infusion          |     3 |       ||     3
       Song of Slaying   |     1 |       ||     1
  Eat: Chunk             |     2 |     1 ||     3
Armor: Leather armour    |    16 |    13 ||    29
Dodge: Dodged            |    66 |    22 ||    88
       Rpst.: Falchion   |    29 |    11 ||    40
